 Dungeon Crawl Stone Soup version 0.25.1-2-g60ff931df9 (webtiles) character file.

Game seed: 7149245739530953562

700 Almogavar the Slasher (level 7, -1/55 HPs)
             Began as a Demonspawn Berserker on Sept 20, 2020.
             Was a Priest of Trog.
             Splashed by a jelly's acid (7 damage)
             ... on level 5 of the Dungeon.
             The game lasted 00:15:37 (4622 turns).

Almogavar the Slasher (Demonspawn Berserker)        Turns: 4622, Time: 00:15:38

Health: -1/55      AC: -13   Str: 20    XL:     7   Next: 38%
Magic:  7/7        EV: 13    Int:  8    God:    Trog [***...]
Gold:   168        SH:  0    Dex: 18    Spells: 6/6 levels left

rFire    . . .     SeeInvis .   a - +1 falchion
rCold    . . .     Gourm    .   (no shield)
rNeg     . . .     Faith    .   h - +1 ring mail
rPois    .         Spirit   .   (helmet restricted)
rElec    .         Reflect  .   (no cloak)
rCorr    .         Harm     .   (no gloves)
MR       .....                  (no boots)
Stlth    +.........             f - amulet of inaccuracy (curse)
HPRegen  0.18/turn              e - ring of flight
MPRegen  0.10/turn              b - +6 ring of dexterity

@: corroded
A: claws 1, hooves 2, horns 1
a: Berserk, Trog's Hand, Renounce Religion, Evoke Flight


You were on level 5 of the Dungeon.
You worshipped Trog.
Trog was most pleased with you.
You were not hungry.

You visited 1 branch of the dungeon, and saw 5 of its levels.

You collected 168 gold pieces.

Inventory:

Hand Weapons
 a - a +1 falchion (weapon)
Armour
 h - a +1 ring mail (worn)
Jewellery
 b - a +6 ring of dexterity (right claw)
 e - a ring of flight (left claw)
 f - a cursed amulet of inaccuracy (around neck)
Wands
 d - a wand of enslavement (8)
 r - a wand of flame (16)
 s - a wand of clouds (4)
Scrolls
 g - 2 scrolls of enchant weapon
 k - 4 scrolls of teleportation
 n - a scroll of magic mapping
Potions
 i - 3 potions of flight
 j - 2 potions of berserk rage
 l - a potion of brilliance {unknown}
 m - 2 potions of might {unknown}
 o - 2 potions of heal wounds
 p - 2 potions of stabbing
 q - a potion of curing
Comestibles
 c - 5 rations


   Skills:
 + Level 4.6 Fighting
 + Level 5.4 Long Blades
 + Level 3.9 Armour
 + Level 3.2 Dodging
 + Level 1.0 Stealth


You had 6 spell levels left.
You didn't know any spells.
Your spell library was empty.

Dungeon Overview and Level Annotations

Branches:
Dungeon (5/15)
 Temple: D:4-7

Altars:
Ashenzari
Fedhas
Okawaru
Trog
Vehumet
Zin

Shops:
D:4 *


Innate Abilities, Weirdness & Mutations

You have sharp fingernails.
You have hoof-like feet.
You have a pair of small horns on your head.


Message History

You headbutt the jelly, but do no damage.
The jelly is heavily wounded.
The jelly barely misses you.
You riposte.
You hit the jelly but do no damage. You kick the jelly. You headbutt the jelly.
The jelly is severely wounded.
You feel much better. The jelly hits you. The acid corrodes you!
You are splashed with acid!
You closely miss the jelly. You kick the jelly!
The jelly is almost dead.
The jelly hits you. The acid corrodes you!
You are splashed with acid!
* * * LOW HITPOINT WARNING * * *
You hit the jelly but do no damage.
Your claws burn!
* * * LOW HITPOINT WARNING * * *
You kick the jelly, but do no damage.
You headbutt the jelly, but do no damage.
The jelly is almost dead.
The jelly hits you.
* * * LOW HITPOINT WARNING * * *
You are splashed with acid!
You die...

##################
.................#
.###############.# ***** .#
#.# *,,,, .# #†# *+*** .# #@#
***,*** .# #J# ***,,,,** .#
#.# **,,,,,,,* .# **#.#***
**,,,,,,,,, .# *******
*,...,,* *,,*****,,, .#
*,,,,,* *,#.#*****,,*,,,,*,,
.# *,,,,,* *,#.# *,,,*,*,*,,,
.#
*,,,,,*****,#.#****,,*,,,,*,,*
.#
*,,,,,,,,**,*,**,+,,,,*****,,*


You could see a jelly.

Vanquished Creatures
  Edmund (D:4)
  A sky beast (D:5)
  The ghost of chimenez the Digger, an amateur OpEE (D:3)
  A howler monkey (D:4)
  3 quasits (D:3)
  A hound (D:4)
  A centaur skeleton (D:4)
  An orc wizard (D:3)
  Jessica (D:2)
  A bullfrog skeleton (D:4)
  2 worker ants (D:4)
  2 adders
  2 worms (D:2)
  3 dart slugs
  A leopard gecko (D:1)
  4 orcs
  3 giant cockroaches
  7 goblins
  15 hobgoblins
  A quokka (D:5)
  2 ball pythons
  4 bats
  7 frilled lizards
  7 kobolds
  A quokka skeleton (D:4)
  6 rats
79 creatures vanquished.

Vanquished Creatures (others)
  A plant (D:3)
1 creature vanquished.

Grand Total: 80 creatures vanquished

Notes
Turn   | Place    | Note
-------+----------+-------------------------------------------
     0 | D:1      | Almogavar the Demonspawn Berserker began the quest for the
                  | Orb.
     0 | D:1      | Reached XP level 1. HP: 18/18 MP: 1/1
   354 | D:1      | Gained mutation: You have a pair of small horns on your
                  | head. [demonic ancestry]
   354 | D:1      | Reached XP level 2. HP: 24/24 MP: 2/2
   416 | D:1      | Reached skill level 3 in Long Blades
  1146 | D:2      | Reached ** piety under Trog
  1159 | D:2      | Noticed Jessica
  1164 | D:2      | Killed Jessica
  1164 | D:2      | Reached XP level 3. HP: 18/29 MP: 3/3
  1476 | D:2      | Reached XP level 4. HP: 18/35 MP: 4/4
  1730 | D:2      | Found a shattered altar of Ashenzari.
  1751 | D:2      | Found a radiant altar of Vehumet.
  2571 | D:3      | Found a transporter.
  2583 | D:3      | Noticed chimenez's ghost (amateur OpEE)
  2645 | D:3      | Found a transporter.
  2660 | D:3      | Reached skill level 4 in Long Blades
  2664 | D:3      | Gained mutation: You have large cloven feet. [demonic
                  | ancestry]
  2664 | D:3      | Reached XP level 5. HP: 13/41 MP: 5/5
  2922 | D:3      | Found a blossoming altar of Fedhas.
  3307 | D:3      | Killed chimenez's ghost
  3307 | D:3      | Gained mutation: You have hoof-like feet. [demonic
                  | ancestry]
  3307 | D:3      | Reached XP level 6. HP: 41/48 MP: 6/6
  3385 | D:4      | Found a glowing silver altar of Zin.
  3412 | D:4      | Reached *** piety under Trog
  3715 | D:4      | Found Kapej's General Store.
  3810 | D:4      | Found an iron altar of Okawaru.
  3810 | D:4      | Found a bloodstained altar of Trog.
  3820 | D:4      | Reached skill level 5 in Long Blades
  4175 | D:4      | Noticed Edmund
  4191 | D:4      | Killed Edmund
  4191 | D:4      | Gained mutation: You have sharp fingernails. [demonic
                  | ancestry]
  4191 | D:4      | Reached XP level 7. HP: 18/55 MP: 7/7
  4567 | D:5      | Entered Level 5 of the Dungeon
  4612 | D:5      | Reached skill level 1 in Stealth
  4622 | D:5      | Splashed by a jelly's acid

Illustrated notes

Levels and vault maps discovered:
D:1:      sevenhm_arrival_forest_fort_large_2, layout_loops_cross,
          minmay_pentomino_t2
D:2:      layout_rooms, lemuel_doored_altar, fiery_altar_vehumet,
          kennysheep_generic_room_14, uniq_jessica
D:3:      layout_loops_ring, fedhas_ov_isle_minmay, gammafunk_ghost_stat_death,
          first_ration, serial_bayou_pond_c
D:4:      layout_rooms, lemuel_crystal_altar, grunt_temple_overflow_bloody_war,
          serial_rivers, chequers_serial_rivers_micro_e,
          chequers_serial_rivers_room_a, chequers_serial_rivers_micro_c,
          chequers_serial_rivers_room_b, serial_shops, shop,
          columned_hall_lemuel, minivault_5, uniq_edmund
D:5:      layout_basic, kennysheep_mini_moat, nicolae_ossuary_entry_catacombs,
          kennysheep_potato

Skill      XL: |  1  2  3  4  5  6  7 |
---------------+----------------------+-----
Long Blades    | 3 4 5 |  5.4
Dodging        | 2 3 |  3.2
Armour         | 2 3 |  3.9
Fighting       | 4 |  4.6
Stealth        | 1 |  1.0

Action                   |  1- 3 |  4- 6 |  7- 9 || total
-------------------------+-------+-------+-------++-------
Melee: Falchion          |    88 |   153 |    17 ||   258
       Headbutt          |    10 |    27 |     6 ||    43
       Kick              |       |    33 |     8 ||    41
Invok: Berserk           |       |     2 |       ||     2
       Trog's Hand       |       |     2 |       ||     2
  Use: Scroll            |     4 |     7 |     5 ||    16
       Potion            |       |       |     1 ||     1
 Stab: Sleeping          |       |       |     1 ||     1
  Eat: Chunk             |     2 |     6 |     3 ||    11
       Ration            |       |     1 |       ||     1
Armor: Animal skin       |     5 |       |       ||     5
       Ring mail         |    22 |    78 |     1 ||   101
Dodge: Dodged            |    46 |   119 |    10 ||   175
       Rpst.: Falchion   |    12 |    21 |     4 ||    37
